 Dungeon Crawl Stone Soup version 0.19.1-1-g22dce08 (webtiles) character file.

308 Crag the Charlatan (level 6, -1/41 HPs)
             Began as a High Elf Artificer on Dec 29, 2016.
             Slain by an ice beast (2 damage)
             ... on level 3 of the Dungeon.
             The game lasted 00:11:17 (4576 turns).

Crag the Charlatan (High Elf Artificer)             Turns: 4576, Time: 00:11:18

Health: -1/41      AC:  3    Str: 11    XL:     6   Next: 16%
Magic:  10/10      EV: 14    Int: 14    God:
Gold:   216        SH:  0    Dex: 19    Spells: 0 memorised, 5 levels left

rFire  . . .     SeeInvis .     a - +0 short sword
rCold  . . .     Gourm    .     h - +0 robe
rNeg   . . .     Faith    .     (no shield)
rPois  .         Spirit   .     (no helmet)
rElec  .         Reflect  .     (no cloak)
rCorr  .         Harm     .     j - +0 pair of gloves
MR     .....                    (no boots)
Stlth  ++++......               (no amulet)
                                (no ring)
                                l - ring of stealth

@: no status effects
A: no striking features
a: no special abilities


You were on level 3 of the Dungeon.
You were not hungry.

You visited 1 branch of the dungeon, and saw 3 of its levels.

You collected 216 gold pieces.

Inventory:

Hand Weapons
 a - a +0 short sword (weapon)
 n - a +2 dagger of holy wrath
Missiles
 k - 103 stones (quivered)
Armour
 b - a +0 leather armour
 h - a +0 robe (worn)
 j - a +0 pair of gloves (worn)
Jewellery
 l - a ring of stealth (left hand)
Wands
 c - a wand of flame (0/48)
 d - a wand of enslavement (10/24)
 e - a wand of random effects (15/48)
Scrolls
 m - a scroll of identify
 s - a scroll of fog {unknown}
 t - a scroll of teleportation {unknown}
 v - a scroll of noise {unknown}
 x - a scroll of enchant weapon {unknown}
Potions
 g - a potion of mutation {unknown}
 i - 2 potions of curing {unknown}
 o - a potion of brilliance {unknown}
 p - a potion of invisibility {unknown}
 w - a potion of haste {unknown}
Comestibles
 f - 3 bread rations
 q - 3 meat rations
 r - 2 fruits
 u - a royal jelly


   Skills:
 + Level 2.9 Fighting
 + Level 3.0 Short Blades
 + Level 3.7 Dodging
 + Level 3.5 Stealth
 + Level 4.1 Evocations


You had 5 spell levels left.
You didn't know any spells.

Dungeon Overview and Level Annotations

Branches:
Dungeon (3/15)

Altars:
Gozag
Yredelemnul


Message History

The ice beast is severely wounded.
The ice beast completely misses you.
You barely miss the ice beast.
The ice beast is severely wounded.
The ice beast hits you. The ice beast freezes you!
* * * LOW HITPOINT WARNING * * *
Okay, then.
Evoke which item? (* to show all) (? for menu, Esc to quit)
Zapping:
d - a wand of enslavement (12/24)
Press: ? - help, Shift-Dir - straight line, f/p - ice beast
Aim: an ice beast (severely wounded, chance to defeat MR: 54%)
The ice beast resists with significant effort.
This wand has 11 charges left.
The ice beast closely misses you.
Evoke which item? (* to show all) (? for menu, Esc to quit)
Zapping:
d - a wand of enslavement (11/24)
Press: ? - help, Shift-Dir - straight line, f/p - ice beast
Aim: an ice beast (severely wounded, chance to defeat MR: 54%)
The ice beast resists with significant effort.
This wand has 10 charges left.
The ice beast hits you.
You die...

#..##### #.##.#.#
#....... #..# #......#
####...# ...# #....###
#...# ...# #.####
#...# ..## #.# ##.##
..### #.# #.# ....#
#.# #.# ..#.#
######.######
..#.######......@Yg..#
.........#.####.##...#
....####.#.# #.##...#
##### #....# #........
###....## #........<.
#####.......#
#.".......##
............#
#.##.?.####
#####.......# #. #...#
###...### # #...#


You could see an ice beast and a hobgoblin.

Vanquished Creatures
  Sigmund (D:2)
  An orc priest (D:3)
  3 adders (D:2)
  A worm (D:2)
  A dart slug (D:1)
  5 leopard geckos
  4 orcs (D:3)
  5 ball pythons
  5 bats
  5 giant cockroaches
  16 goblins
  12 hobgoblins
  6 kobolds
  4 frilled lizards
  5 rats
74 creatures vanquished.

Vanquished Creatures (collateral kills)
  A frilled lizard (D:2)
1 creature vanquished.

Vanquished Creatures (others)
  A worm (D:2)
  A hobgoblin (D:2)
  A goblin (D:2)
3 creatures vanquished.

Grand Total: 78 creatures vanquished

Notes
Turn   | Place    | Note
-------+----------+-------------------------------------------
     0 | D:1      | Crag the High Elf Artificer began the quest for the Orb.
     0 | D:1      | Reached XP level 1. HP: 13/13 MP: 4/4
   692 | D:1      | Reached XP level 2. HP: 18/18 MP: 5/5
  2063 | D:2      | Reached XP level 3. HP: 5/24 MP: 6/6
  2335 | D:2      | Noticed Sigmund
  2343 | D:2      | Killed Sigmund
  2343 | D:2      | Reached XP level 4. HP: 30/30 MP: 7/7
  2343 | D:2      | Reached XP level 5. HP: 35/35 MP: 8/8
  2571 | D:2      | Reached skill level 4 in Evocations
  3140 | D:2      | Found a basalt altar of Yredelemnul.
  3147 | D:2      | Found an opulent altar of Gozag.
  4062 | D:3      | Reached XP level 6. HP: 40/41 MP: 10/10
  4562 | D:3      | Noticed an ice beast
  4574 | D:3      | HP: 1/41 [ice beast (14)]
  4576 | D:3      | Slain by an ice beast

Skill      XL: |  1  2  3  4  5  6 |
---------------+-------------------+-----
Stealth        | 2 3 |  3.5
Fighting       | 2 |  2.9
Short Blades   | 2 3 |  3.0
Dodging        | 3 |  3.7
Evocations     | 4 |  4.1

Action                   |  1- 3 |  4- 6 || total
-------------------------+-------+-------++-------
Melee: Short sword       |    91 |   179 ||   270
Evoke: Wand              |     9 |    11 ||    20
  Use: Scroll            |     4 |       ||     4
 Stab: Sleeping          |     2 |    16 ||    18
       Distracted        |       |     2 ||     2
  Eat: Chunk             |     4 |     8 ||    12
Armor: Leather armour    |    20 |       ||    20
       Robe              |       |    26 ||    26
Dodge: Dodged            |    42 |    97 ||   139
